 Dungeon Crawl Stone Soup version 0.31.0-12-g77e489cdc1 (webtiles) character file.

Game seed: 3223000676822090660

3389 spaghetti the Covert (level 10, -4/77 HPs)
             Began as a Human Chaos Knight on Mar 7, 2024.
             Was a Plaything of Xom.
             Killed from afar by a steam dragon (24 damage)
             ... with a ball of steam
             ... on level 8 of the Dungeon.
             The game lasted 00:09:03 (6422 turns).

spaghetti the Covert (Human Chaos Knight)           Turns: 6422, Time: 00:09:04

Health: -4/77      AC:  6    Str: 12      XL:     10   Next: 4%
Magic:  10/10      EV: 10    Int: 12      God:    Xom [*.....]
Gold:   223        SH:  0    Dex: 20 (21) Spells: 9/9 levels left

rFire   . . .        k - +4 short sword (chaos)
rCold   + . .        (no shield)
rNeg    + . .        l - +1 ring mail "Ucudghug" {rElec rC+ rN+ Dex+3}
rPois   .            (helmet restricted)
rElec   +            j - scarf {harm}
rCorr   .            (no gloves)
SInv    +            (no boots)
Will    .....        (no amulet)
Stlth   ++++++       (no ring)
HPRegen 0.32/turn    (no ring)
MPRegen 0.12/turn

%: harm (+30% outgoing, +20% incoming)
@: no status effects
A: explore regen, horns 2, see invisible, sense surroundings 1, robust 1, noise
suppression
a: Renounce Religion


You were on level 8 of the Dungeon.
You worshipped Xom.
You were a special plaything of Xom.
You visited 1 branch of the dungeon, and saw 8 of its levels.

You collected 511 gold pieces.
You spent 288 gold pieces at shops.

Inventory:

Hand Weapons
 a - a +0 short sword of chaos
 k - a +4 short sword of chaos (weapon)
 s - a +2 long sword of electrocution
Missiles
 u - a throwing net (quivered)
Armour
 b - a +3 leather armour
 j - a scarf of harm (worn)
 l - the +1 ring mail "Ucudghug" (worn) {rElec rC+ rN+ Dex+3}
   (You bought it in a shop on level 2 of the Dungeon)

   Dex+3:     It affects your dexterity (+3).
   rC+:       It protects you from cold.
   rElec:     It insulates you from electricity.
   rN+:       It protects you from negative energy.
Wands
 h - a wand of polymorph (10)
Scrolls
 c - a scroll of butterflies
 e - 2 scrolls of immolation
 g - a scroll of fog
 i - a scroll of vulnerability
 m - a scroll of teleportation
 p - a scroll of amnesia
 q - a scroll of poison
Potions
 d - 2 potions of resistance
 f - 2 potions of mutation
 n - a potion of haste
 o - 2 potions of heal wounds
 r - 2 potions of might
 t - a potion of berserk rage
 v - a potion of enlightenment
 w - 2 potions of attraction


   Skills:
 - Level 3.0 Fighting
 - Level 3.0 Short Blades
 - Level 2.0 Armour
 - Level 1.0 Dodging
 + Level 14.8 Stealth


You had 9 spell levels left.
You didn't know any spells.
Your spell library was empty.

Dungeon Overview and Level Annotations

Branches:
Dungeon (8/15)             Temple (0/1) D:5
   Lair: D:8-11

Altars:
Cheibriados
Dithmenos
Elyvilon
Makhleb
Nemelex Xobeh
Qazlal
Trog
Xom
Yredelemnul

Shops:
D:2 [   D:5 [*   D:6 :


Innate Abilities, Weirdness & Mutations

You regain HP and MP as you explore.
You have a pair of horns on your head.
You have supernaturally acute eyesight. (SInv)
You passively map a small area around you.
You are robust. (+10% HP)
You passively dampen the noise of your surroundings.


Message History

The kobold misses you. The steam dragon bites you. The steam dragon claws you.
Items here: ( )))) †††.
You hit the steam dragon.
Lightning courses through the steam dragon!
Your headbutt misses the steam dragon.
The steam dragon is heavily wounded.
The kobold hits you with a +0 dagger. The kobold closely misses you.
The steam dragon bites you! The steam dragon barely misses you.
You hit the steam dragon but do no damage.
The acid corrodes the steam dragon!
The steam dragon is heavily wounded.
The kobold hits you but does no damage. The kobold hits you with a +0 club.
The steam dragon bites you!
* * * LOW HITPOINT WARNING * * *
The steam dragon completely misses you.
You closely miss the steam dragon.
The steam dragon is heavily wounded.
The kobold hits you but does no damage. The kobold closely misses you.
The steam dragon bites you.
* * * LOW HITPOINT WARNING * * *
The steam dragon misses you.
Unknown command.
You hit the steam dragon.
The steam dragon seems to grow stronger.
Xom thinks this is hilarious!
Your headbutt misses the steam dragon.
The steam dragon is severely wounded.
The kobold hits you but does no damage. The kobold closely misses you.
The steam dragon barely misses you. x2
Unknown command.
The kobold attacks as it pursues you! The kobold hits you but does no damage.
You puncture the kobold!
You kill the kobold!
Okay, then.
Okay, then.
The steam dragon breathes steam at you.
The ball of steam hits the kobold!
The kobold dies!
The ball of steam hits you!!
You die...

*...........%....>. * ,
## ###................,
.# .#.##..............
, #.
..................... ,
# ..###.........)......
* * , #....#...........
##...#....#...... ,,
###.........##.....
........../@........ ,
* ........####§.#.###
.....$.... ##§#
.............)D.......,
..........#.....#.....
, ........###..... .##.
, #.#.....# ##.#.## .#
, * #.##.. #. ## .., ,
, #. * ,*#


There were no monsters in sight!

Vanquished Creatures
  Joseph (D:8)
  A hornet (D:5)
  3 yaks (D:8)
  A water moccasin (D:7)
  5 ice beasts
  A black bear (D:6)
  A swamp drake (D:5)
  A sky beast (D:7)
  2 ogres (D:7)
  A weeping skull (D:5)
  2 phantoms
  2 kobold brigands
  A scorpion (D:6)
  A bullfrog (D:7)
  A hound (D:6)
  2 bombardier beetles
  A sleepcap (D:7)
  2 jellies
  An orc priest (D:6)
  Ijyb (D:4)
  8 iguanas
  6 orc wizards
  Robin (D:2)
  3 adders
  3 dart slugs
  A ribbon worm (D:3)
  17 orcs
  9 ball pythons
  10 bats
  14 endoplasms
  4 giant cockroaches
  15 goblins
  12 hobgoblins
  8 jackals
  5 quokkas
  5 frilled lizards
  24 kobolds
  4 rats
  A spectral orc (D:5)
181 creatures vanquished.

Vanquished Creatures (collateral kills)
  A centaur (D:5)
  A phantom (D:5)
  A hound (D:5)
3 creatures vanquished.

Vanquished Creatures (others)
  A kobold (D:8)
  A kobold zombie (D:2)
2 creatures vanquished.

Grand Total: 186 creatures vanquished

Notes
Turn   | Place    | Note
-------+----------+-------------------------------------------
     0 | D:1      | spaghetti the Human Chaos Knight began the quest for the
                  | Orb.
     0 | D:1      | Reached XP level 1. HP: 18/18 MP: 1/1
    50 | D:1      | XOM: divination: magic mapping
    58 | D:1      | XOM: silly message
    68 | D:1      | Reached skill level 1 in Stealth
    77 | D:1      | Reached XP level 2. HP: 22/24 MP: 2/2
    89 | D:1      | Reached skill level 2 in Stealth
   229 | D:1      | XOM: cast spell 'Death Channel'
   328 | D:1      | XOM: 1-stop teleportation journey
   386 | D:1      | XOM: chaos upgrade
   389 | D:1      | Reached XP level 3. HP: 27/29 MP: 3/3
   440 | D:1      | XOM: give mutations
   440 | D:1      | Gained mutation: Your health recovers twice as slowly from
                  | being drained. [Xom's mischief]
   440 | D:1      | Gained mutation: Your body sometimes deteriorates upon
                  | taking damage. [Xom's mischief]
   642 | D:1      | Found a faded altar of an unknown god.
   660 | D:1      | Reached skill level 3 in Stealth
   888 | D:2      | You fall into a shaft and drop 1 floor!
   983 | D:3      | Found a burning altar of Makhleb.
  1015 | D:3      | Found a snail-covered altar of Cheibriados.
  1033 | D:3      | XOM: noise
  1049 | D:3      | Lost mutation: Your body sometimes deteriorates upon taking
                  | damage. [potion of mutation]
  1049 | D:3      | Lost mutation: Your health recovers twice as slowly from
                  | being drained. [potion of mutation]
  1049 | D:3      | Gained mutation: You have a pair of small horns on your
                  | head. [potion of mutation]
  1049 | D:3      | Gained mutation: You have supernaturally acute eyesight.
                  | (SInv) [potion of mutation]
  1049 | D:3      | Gained mutation: You are weak. (Str -2) [potion of
                  | mutation]
  1117 | D:3      | XOM: 5-stop teleportation journey
  1372 | D:3      | Reached XP level 4. HP: 35/35 MP: 4/4
  1517 | D:3      | XOM: cloud trail
  1565 | D:3      | Found a bloodstained altar of Trog.
  1695 | D:3      | XOM: give mutation
  1695 | D:3      | Gained mutation: You passively map a small area around you.
                  | [Xom's mischief]
  1727 | D:4      | Noticed Ijyb
  1729 | D:4      | Reached skill level 4 in Stealth
  1733 | D:4      | Noticed a phantom
  1742 | D:4      | Killed a phantom
  1743 | D:4      | Reached skill level 5 in Stealth
  1743 | D:4      | Reached XP level 5. HP: 21/41 MP: 5/5
  1747 | D:4      | Killed Ijyb
  1748 | D:4      | XOM: noise
  1750 | D:4      | Reached skill level 6 in Stealth
  1750 | D:4      | XOM: confuse monster(s)
  1755 | D:4      | Reached XP level 6. HP: 23/47 MP: 6/6
  1766 | D:4      | XOM: god gift: metallic white potion {god gift}
  2292 | D:2      | XOM: god gift: scroll of immolation
  2545 | D:2      | Noticed Robin
  2553 | D:2      | Reached skill level 7 in Stealth
  2815 | D:2      | Found Hyob's Antique Armour Shop.
  3351 | D:5      | Entered Level 5 of the Dungeon
  3355 | D:5      | XOM: cloud trail
  3373 | D:5      | Found Noggue's Antique Armour Shop.
  3378 | D:5      | a jelly changed into a swamp drake
  3378 | D:5      | Noticed a swamp drake
  3383 | D:5      | Killed a swamp drake
  3384 | D:5      | Reached XP level 7. HP: 52/52 MP: 7/7
  3388 | D:5      | XOM: cast spell 'Summon Horrible Things'
  3393 | D:5      | Reached skill level 8 in Stealth
  3479 | D:5      | Found Corahywn's Fire Supplies.
  3479 | D:5      | XOM: 1-stop teleportation journey
  3561 | D:5      | Found a staircase to the Ecumenical Temple.
  3633 | D:5      | Reached skill level 9 in Stealth
  3820 | D:2      | Bought a brightly glowing ring mail for 288 gold pieces
  3820 | D:2      | Identified the +1 ring mail "Ucudghug" {rElec rC+ rN+
                  | Dex+3} (You bought it in a shop on level 2 of the Dungeon)
  3824 | D:2      | XOM: scenery: create altars
  3927 | D:5      | XOM: scenery: create altars
  3938 | D:5      | Found a white marble altar of Elyvilon.
  4025 | D:5      | XOM: scenery: 1 doors open, 1 doors close
  4063 | D:5      | Found a basalt altar of Yredelemnul.
  4071 | D:5      | Reached XP level 8. HP: 58/58 MP: 8/8
  4143 | D:5      | Noticed a hornet
  4150 | D:5      | Killed a hornet
  4151 | D:5      | Reached skill level 10 in Stealth
  4204 | D:5      | XOM: give mutations
  4204 | D:5      | Gained mutation: You passively dampen the noise of your
                  | surroundings. [Xom's grace]
  4204 | D:5      | Gained mutation: You are robust. (+10% HP) [Xom's grace]
  4204 | D:5      | Gained mutation: You have a pair of horns on your head.
                  | [Xom's grace]
  4258 | D:5      | XOM: divination: detect items
  4313 | D:5      | Found a stormy altar of Qazlal.
  4313 | D:5      | Found a shadowy altar of Dithmenos.
  4343 | D:5      | Found a shimmering altar of Xom.
  4417 | D:6      | HP: 2/63 [scorpion (3)]
  4452 | D:6      | XOM: 1-stop teleportation journey
  4592 | D:6      | Reached skill level 11 in Stealth
  4598 | D:6      | XOM: god gift: scroll of teleportation
  4625 | D:6      | XOM: god gift: robe {god gift}
  4650 | D:6      | XOM: give mutation
  4650 | D:6      | Lost mutation: You are weak. (Str -2) [Xom's grace]
  5036 | D:6      | Found Uwkopp's Book Shop.
  5048 | D:6      | Reached skill level 12 in Stealth
  5048 | D:6      | Reached XP level 9. HP: 69/69 MP: 9/9
  5058 | D:6      | XOM: silly message
  5153 | D:6      | XOM: potion effect (brilliance)
  5280 | D:7      | XOM: cast spell 'Death Channel'
  5319 | D:7      | XOM: summons 1 hostile demon
  5391 | D:7      | Found a sparkling altar of Nemelex Xobeh.
  5440 | D:7      | Reached skill level 13 in Stealth
  5692 | D:2      | Killed Robin
  5821 | D:7      | XOM: noise
  6097 | D:7      | XOM: summons 5 hostile demons
  6191 | D:8      | Noticed Joseph
  6200 | D:8      | Killed Joseph
  6201 | D:8      | Reached skill level 14 in Stealth
  6302 | D:8      | Reached XP level 10. HP: 77/77 MP: 10/10
  6422 | D:8      | Killed from afar by a steam dragon

Illustrated notes

Levels and vault maps discovered:
D:1:      moated_graveyard_arrival, layout_loops_ring, basic_ecumenical_altar,
          minmay_quantized
D:2:      minmay_thinvault, layout_basic, serial_shops, shop, uniq_robin
D:3:      layout_loops_ring, cheibriados_altar_1, lightli_temple_of_fire,
          mainiacjoe_overflow_surrounded_room, nrook_loot_triangle
D:4:      layout_rooms, uniq_ijyb
D:5:      layout_cave_pools, marbit_many_paths, gammafunk_temple_overflow_wave,
          mainiacjoe_overflow_boulevard, yredelemnul_forgotten_temple_becter,
          minmay_temple_entry_waves, serial_shops, shop, nicolae_shop_fire_sale
          [nicolae_sub_dead_trees], kennysheep_small_square
D:6:      layout_rooms, grunt_decor_resistance, nicolae_stop_n_shop_2,
          kennysheep_small_spiral, skrybe_limestone_x
D:7:      layout_rooms, nicolae_overflow_crystal_walls, serial_corexii_hall,
          corexii_hall_statues_t, chequers_hall_statues_wall_a,
          nicolae_underground_beach
D:8:      layout_cave_pools, lemuel_coloured_pillars_altar, serial_bayou_lake_a,
          uniq_joseph, uniq_grum

Skill      XL: |  1  2  3  4  5  6  7  8  9 |
---------------+----------------------------+-----
Stealth        | 1 2 3 5 6 7 9 12 14 | 14.8
Fighting       | |  3.0
Short Blades   | |  3.0
Armour         | |  2.0
Dodging        | |  1.0

Action                     |  1- 3 |  4- 6 |  7- 9 | 10-12 || total
---------------------------+-------+-------+-------+-------++-------
  Melee: Short sword       |   136 |   127 |   177 |    19 ||   459
         Headbutt          |     5 |    16 |    41 |     3 ||    65
         Punch             |       |     3 |       |       ||     3
    Use: Scroll            |     6 |     6 |       |     1 ||    13
         Potion            |     5 |     5 |     2 |       ||    12
   Stab: Confused          |     1 |       |     1 |       ||     2
         Sleeping          |     5 |    16 |    19 |       ||    40
         Distracted        |     1 |       |     1 |       ||     2
         Petrifying        |     1 |       |       |       ||     1
         Paralysed         |       |       |     2 |       ||     2
 Armour: Leather armour    |    62 |    49 |    17 |       ||   128
         Ring mail         |       |       |   109 |    33 ||   142
  Dodge: Dodged            |    74 |    47 |    91 |    16 ||   228
